 Dungeon Crawl Stone Soup version 0.21.1-1-g345015f (webtiles) character file.

81 cultivahabas the Cudgeler (level 4, -9/35 HPs)
             Began as a Demonspawn Gladiator on May 17, 2018.
             Killed by divine providence
             ... invoked by an orc priest
              (12 damage)
             ... on level 3 of the Dungeon.
             The game lasted 00:05:49 (2391 turns).

cultivahabas the Cudgeler (Demonspawn Gladiator)    Turns: 2391, Time: 00:05:50

Health: -9/35      AC:  4    Str: 14    XL:     4   Next: 19%
Magic:  4/4        EV: 13    Int:  9    God:
Gold:   58         SH:  0    Dex: 16    Spells: 3/3 levels left

rFire    . . .     SeeInvis .   a - +0 flail
rCold    + . .     Gourm    .   (no shield)
rNeg     . . .     Faith    .   b - +0 leather armour
rPois    .         Spirit   .   c - +0 helmet
rElec    .         Reflect  .   (no cloak)
rCorr    .         Harm     .   (no gloves)
MR       .....                  (no boots)
Stlth    +.........             (no amulet)
HPRegen  0.11/turn              (no ring)
MPRegen  0.09/turn              (no ring)

@: no status effects
A: cold resistance 1, rot immunity
a: no special abilities


You were on level 3 of the Dungeon.
You were hungry.

You visited 1 branch of the dungeon, and saw 3 of its levels.

You collected 58 gold pieces.

Inventory:

Hand Weapons
 a - a +0 flail (weapon)
Missiles
 d - 2 throwing nets (quivered)
Armour
 b - a +0 leather armour (worn)
 c - a +0 helmet (worn)
Wands
 k - a wand of digging (8)
 r - a wand of polymorph (13)
Scrolls
 e - a scroll of blinking {unknown}
 i - 3 scrolls of identify {unknown}
 j - a scroll of fear {unknown}
 o - 2 scrolls of fog {unknown}
 p - a scroll of amnesia {unknown}
 q - a scroll of teleportation {unknown}
Potions
 g - a potion of degeneration {unknown}
 h - a potion of brilliance {unknown}
 l - 3 potions of curing {unknown}
 m - a potion of agility {unknown}
 n - a potion of might {unknown}
Comestibles
 f - 3 rations


   Skills:
 + Level 3.0 Fighting
 * Level 4.1 Maces & Flails
 - Level 1.7 Throwing
 - Level 2.6 Dodging


You had 3 spell levels left.
You didn't know any spells.

Dungeon Overview and Level Annotations

Branches:
Dungeon (3/15)

Altars:
Cheibriados

Annotations:
D:2 Sigmund


Innate Abilities, Weirdness & Mutations

Your flesh is cold resistant. (rC+)
You are immune to rotting.


Message History

The orc jeers loudly.
You barely miss the bat. The bat barely misses you.
You hit the orc.
The orc is almost dead.
The bat closely misses you. The orc hits you but does no damage.
You barely miss the orc.
The orc is almost dead.
The bat closely misses you. The orc hits you with a hand axe.
You sock the orc!
You kill the orc!
The bat hits you but does no damage.
The orc priest mumbles some strange prayers to Beogh against you.
Beogh smites you!
* * * LOW HITPOINT WARNING * * *
The bat misses you.
The orc priest looks braver for a moment.
The bat closely misses you.
The orc priest mumbles some strange prayers to Beogh against you.
Beogh smites you!
You die...

#.# ######.# #.# #'##
#.# ##...## #.###
##.....## #...##
##.......##
#######.g.####.........#
..........oo.).b.......'
#######...####o........#
##..## ##g@.....# #..##
##.....## #.## ##...##
#.# #'## #.# #.# #.# #.#
#.# ##.## #.# ##...####
#.# #####.......#


You could see an orc priest, an orc, a hobgoblin and a bat.

Vanquished Creatures
  A worker ant (D:2)
  2 adders (D:2)
  An ooze (D:1)
  A leopard gecko (D:2)
  An orc (D:3)
  4 giant cockroaches
  2 goblins (D:1)
  5 hobgoblins
  2 jackals (D:2)
  A quokka (D:2)
  2 bats (D:1)
  3 frilled lizards
  5 kobolds (D:1)
  A leopard gecko zombie (D:3)
  A quokka skeleton (D:3)
  5 rats
37 creatures vanquished.

Notes
Turn   | Place    | Note
-------+----------+-------------------------------------------
     0 | D:1      | cultivahabas the Demonspawn Gladiator began the quest for the Orb.
     0 | D:1      | Reached XP level 1. HP: 16/16 MP: 1/1
   320 | D:1      | Reached skill level 3 in Maces & Flails
   329 | D:1      | Gained mutation: You are immune to rotting. [demonic ancestry]
   329 | D:1      | Reached XP level 2. HP: 10/22 MP: 2/2
  1181 | D:2      | Gained mutation: Your flesh is cold resistant. (rC+) [demonic ancestry]
  1181 | D:2      | Reached XP level 3. HP: 22/28 MP: 3/3
  1605 | D:2      | Found a snail-covered altar of Cheibriados.
  1735 | D:2      | Reached skill level 4 in Maces & Flails
  1735 | D:2      | Reached XP level 4. HP: 19/35 MP: 4/4
  2031 | D:2      | Noticed Sigmund
  2391 | D:3      | Killed from afar by an orc priest

Skill      XL: |  1  2  3 |
---------------+----------+-----
Maces & Flails | 3 4 |  4.1
Fighting       | 3 |  3.0
Throwing       | |  1.7
Dodging        | |  2.6

Action                   |  1- 3 |  4- 6 || total
-------------------------+-------+-------++-------
Melee: Flail             |   103 |    34 ||   137
Throw: Throwing net      |     1 |       ||     1
 Stab: Held in net/web   |     1 |       ||     1
       Sleeping          |     1 |       ||     1
  Eat: Chunk             |     3 |     1 ||     4
Armor: Leather armour    |    38 |    18 ||    56
Dodge: Dodged            |    63 |    55 ||   118
